 Dungeon Crawl Stone Soup version 0.21.1 (webtiles) character file.

95 Mgcat the Skirmisher (level 4, -1/28 HPs)
             Began as a Gargoyle Artificer on Feb 4, 2018.
             Was an Initiate of Okawaru.
             Killed by divine providence
             ... invoked by an orc priest
              (7 damage)
             ... on level 4 of the Dungeon.
             The game lasted 00:08:05 (2701 turns).

Mgcat the Skirmisher (Gargoyle Artificer)           Turns: 2701, Time: 00:08:06

Health: -1/28      AC: 13    Str: 16    XL:     4   Next: 66%
Magic:  6/6        EV: 12    Int: 11    God:    Okawaru [......]
Gold:   79         SH:  0    Dex: 11    Spells: 3/3 levels left

rFire    . . .     SeeInvis .   p - +1 mace
rCold    + . .     Gourm    .   (no shield)
rNeg     + . .     Faith    .   k - +0 chain mail {rC+}
rPois    ∞         Spirit   .   (no helmet)
rElec    +         Reflect  .   (no cloak)
rCorr    .         Harm     .   s - +1 pair of gloves
MR       .....                  (no boots)
Stlth    ..........             h - amulet of rage
HPRegen  0.09/turn              g - +5 ring of evasion
MPRegen  0.10/turn              m - ring of loudness (curse)

@: no status effects
A: negative energy resistance 1, electricity resistance, unbreathing,
petrification resistance, rot immunity, AC +3
a: Renounce Religion, Evoke Berserk Rage


You were on level 4 of the Dungeon.
You worshipped Okawaru.
Okawaru was noncommittal.
You were not hungry.

You visited 1 branch of the dungeon, and saw 4 of its levels.

You collected 79 gold pieces.

Inventory:

Hand Weapons
 p - a +1 mace (weapon)
Armour
 b - a +0 leather armour
 k - a +0 chain mail of cold resistance (worn)
 s - a +1 pair of gloves (worn)
Jewellery
 g - a +5 ring of evasion (left hand)
 h - an amulet of rage (around neck)
 m - a cursed ring of loudness (right hand)
Wands
 c - a wand of flame (14)
 d - a wand of enslavement (15)
 e - a wand of random effects (14)
Scrolls
 n - 5 scrolls of identify
 o - a scroll of fog
 v - 3 scrolls of teleportation
Potions
 a - 3 potions of heal wounds
 i - a potion of curing
 j - a potion of mutation {unknown}
 r - a potion of magic {unknown}
 t - a potion of degeneration {unknown}
Books
 l - a book of Burglary

   Spells                             Type                      Level
   a - Swiftness                      Charms/Air                   2
   b - Passwall                       Transmutation/Earth          2
   c - Passage of Golubria            Translocation                4
   d - Lee's Rapid Deconstruction     Earth                        5
   e - Darkness                       Hexes                        6
   f - Invisibility                   Hexes                        6
Comestibles
 f - 5 rations
 q - a chunk of flesh


   Skills:
 + Level 3.4 Fighting
   Level 1.4 Short Blades
 + Level 2.3 Maces & Flails
 - Level 1.5 Dodging
 - Level 1.1 Stealth
 - Level 2.6 Evocations


You had 3 spell levels left.
You didn't know any spells.

Dungeon Overview and Level Annotations

Branches:
Dungeon (4/15)             Temple (0/1) D:4

Altars:
Elyvilon
Hepliaklqana
Okawaru
Sif Muna
Trog
Vehumet
Yredelemnul

Annotations:
D:3 HEYYEYAAE's ghost, amateur HuEE


Innate Abilities, Weirdness & Mutations

You are resistant to torment.
Your stone body is resilient. (AC +3)
You are immune to poison.
You resist negative energy. (rN+)
You are resistant to electric shocks. (rElec)
You can survive without breathing.
You are immune to petrification.
You are immune to rotting.


Message History

There is an open door here.
You hit the orc priest but do no damage.
You hear a shout!
The orc priest calls down the wrath of Beogh upon you.
Beogh smites you! The orc hits you but does no damage.
Unknown command.
Unknown command.
Unknown command.
You hit the orc.
The orc is severely wounded.
Unknown command.
Your chain mail prevents you from hitting the orc.
The orc is severely wounded.
The orc priest calls down the wrath of Beogh upon you.
Beogh smites you!
* * * LOW HITPOINT WARNING * * *
The orc barely misses you. The orc hits you but does no damage.
The orc priest mumbles some strange prayers to Beogh against you.
Beogh smites you!
You die...

.....# .....#
#########..(..#
#....(........#
#.............#
#..............
#.....oo.o>#..
###o####.###
#..o@.##...
#.###.##.#
+.#>+.'..#
#.###.#..#
#.....##.#
###+####.# #.#
#.# #.#


You could see an orc priest and 3 orcs.

Vanquished Creatures
  2 adders
  An ooze (D:3)
  A worm (D:3)
  2 dart slugs (D:1)
  3 leopard geckos
  7 orcs (D:3)
  3 bats
  3 giant cockroaches (D:3)
  5 goblins
  7 hobgoblins
  7 jackals
  A ball python (D:1)
  6 frilled lizards
  3 rats
51 creatures vanquished.

Notes
Turn   | Place    | Note
-------+----------+-------------------------------------------
     0 | D:1      | Mgcat the Gargoyle Artificer began the quest for the Orb.
     0 | D:1      | Reached XP level 1. HP: 12/12 MP: 2/2
    45 | D:1      | Reached skill level 1 in Short Blades
   166 | D:1      | Reached XP level 2. HP: 17/17 MP: 4/4
   177 | D:1      | Reached skill level 2 in Fighting
   900 | D:2      | Reached XP level 3. HP: 19/22 MP: 5/5
   973 | D:2      | Reached skill level 1 in Maces & Flails
  1455 | D:3      | Reached skill level 3 in Fighting
  1752 | D:3      | Reached XP level 4. HP: 28/28 MP: 6/6
  1987 | D:3      | Found a basalt altar of Yredelemnul.
  1992 | D:3      | Found a white marble altar of Elyvilon.
  1999 | D:3      | Found an iron altar of Okawaru.
  2004 | D:3      | Found a hazy altar of Hepliaklqana.
  2015 | D:3      | Found a bloodstained altar of Trog.
  2022 | D:3      | Found a radiant altar of Vehumet.
  2027 | D:3      | Found a deep blue altar of Sif Muna.
  2072 | D:3      | Became a worshipper of Warmaster Okawaru
  2387 | D:3      | Noticed HEYYEYAAE's ghost (amateur HuEE)
  2694 | D:4      | Found a staircase to the Ecumenical Temple.
  2701 | D:4      | Killed from afar by an orc priest

Skill      XL: |  1  2  3  4 |
---------------+-------------+-----
Short Blades   | 1 |  1.4
Fighting       | 2 3 |  3.4
Maces & Flails | 1 2 |  2.3
Dodging        | |  1.5
Stealth        | |  1.1
Evocations     | |  2.6

Action                   |  1- 3 |  4- 6 || total
-------------------------+-------+-------++-------
Melee: Short sword       |    20 |       ||    20
       Mace              |   118 |    79 ||   197
Evoke: Wand              |       |     2 ||     2
  Use: Scroll            |     9 |     4 ||    13
       Potion            |     1 |     1 ||     2
  Eat: Chunk             |     3 |     3 ||     6
Armor: Leather armour    |    10 |       ||    10
       Chain mail        |    73 |    36 ||   109
Dodge: Dodged            |   110 |    81 ||   191
